Cogmind - Beta 13 @@@ ROGUE MODE // 2024.05.18 @ 03:13:47 Player: puppuppit Result: Destroyed by 4P-353(z) with Zionite Laser-S Performance ------------- Evolutions (3) 1500 Regions Visited (15) 3000 Robots Destroyed (331) 1655 Value Destroyed (13022) 13022 Prototype IDs (42) 840 Alien Tech Used (0) 0 Bonus (9864) 9864 TOTAL SCORE: 29881 Bonus ------- Triggered High Security 1000 High Alert Combat Kills 6018 Follower Combat Kills 1213 Entered Garrisons 400 Aligned with FarCom 300 Met Imprinter 300 Destroyed Z-Imprinter 1000 Acquired ECA 300 Friendly Fire -667 Cogmind --------- Core Integrity 0/700 Matter 290/300 Energy 58/100 System Corruption 0% Temperature Cool (9) Movement Hovering (56) Location -7/Deep Caves Parts ------- > --- POWER (1) -------- (None) > --- PROPULSION (5) --- Hover Unit Zionite Glidesys I VTOL Module Cesium-ion Thruster Impulse Thruster > --- UTILITY (5) ------ Small Storage Unit Zionite Heavy Carapace Makeshift Hacking Suite Makeshift Hacking Suite > --- WEAPON (2) ------- Ripper > --- INVENTORY (8) ---- High-capacity Matter Pod (200) Encrypted Comm Array Advanced Focal Shield Hacking Drone Bay (1/1) AWS/Thermal Heavy Missile Launcher CR-A16's Pointy Stick Peak State ------------ > --- POWER ------------ Light Nuclear Core > --- PROPULSION ------- VTOL Module Cesium-ion Thruster Nuclear Pulse Array Impulse Thruster > --- UTILITY ---------- Small Storage Unit Tactical Coordination Suite Advanced Reaction Control System Hacking Suite Makeshift Hacking Suite > --- WEAPON ----------- AWS/Thermal > --- INVENTORY -------- High-capacity Matter Pod Encrypted Comm Array Advanced Focal Shield Hacking Drone Bay Heavy Missile Launcher CR-A16's Pointy Stick [Rating: 66] Favorites ----------- Power Light Ion Engine Engine Light Ion Engine Power Core Light Nuclear Core Propulsion Cesium-ion Thruster Leg Carbon-fiber Leg Wheel Wheel Hover Unit Hover Unit Flight Unit Cesium-ion Thruster Utility Hacking Suite Device Advanced Reaction Control System Storage Small Storage Unit Processor Improved Targeting Computer Hackware Hacking Suite Protection Improved Light Armor Plating Weapon Heavy Missile Launcher Energy Gun AWS/Thermal Ballistic Gun Light Assault Rifle Ballistic Cannon Advanced Assault Cannon Launcher Heavy Missile Launcher Impact Weapon Heavy Mace Slashing Weapon Ripper Piercing Weapon CR-A16's Pointy Stick Build | -11 -10 -10 -9 -9 -9 -8 -8 -8 -7 -7 -7 -7 -7 -7 -7 ------- Run | Yrd Mat Min Mat Min Exi Min Mat Gar Fac Gar Fac Low Low Zio Dee Slots Evolved 6 | . . . 2 . . . 2 . 2 . . . . . . Power . | . . . . . . . . . . . . . . . . Propulsion 3 | . . . 2 . . . 1 . . . . . . . . Utility 3 | . . . . . . . 1 . 2 . . . . . . Weapon . | . . . . . . . . . . . . . . . . Parts Attached 227 | 6 10 . 42 4 2 2 13 16 36 31 33 11 . 8 13 Power 26 | 1 2 . 6 . . 1 . 1 6 5 3 1 . . . Engine 18 | 1 2 . 6 . . 1 . 1 5 1 1 . . . . Core 8 | . . . . . . . . . 1 4 2 1 . . . Reactor . | . . . . . . . . . . . . . . . . Propulsion 62 | 2 4 . 16 . . 1 3 5 13 6 7 1 . . 4 Treads . | . . . . . . . . . . . . . . . . Leg 1 | . . . . . . . . . . . . . . . 1 Wheel 2 | 2 . . . . . . . . . . . . . . . Hover 10 | . 4 . 3 . . . . . . . 1 . . . 2 Flight 49 | . . . 13 . . 1 3 5 13 6 6 1 . . 1 Utility 39 | 1 3 . 5 2 1 . 2 . 7 4 5 2 . 2 5 Device 7 | . . . . . . . . . 1 1 1 1 . 2 1 Storage 4 | 1 1 . 1 . 1 . . . . . . . . . . Processor 12 | . 2 . 3 2 . . 1 . 1 . 3 . . . . Hackware 12 | . . . 1 . . . 1 . 5 1 . 1 . . 3 Protection 4 | . . . . . . . . . . 2 1 . . . 1 Artifact . | . . . . . . . . . . . . . . . . Weapon 100 | 2 1 . 15 2 1 . 8 10 10 16 18 7 . 6 4 Energy Gun 13 | . . . . . 1 . . 1 3 . 5 1 . 1 1 Energy Cannon . | . . . . . . . . . . . . . . . . Ballistic Gun 6 | 2 1 . . . . . 1 . . . 2 . . . . Ballistic Cannon 34 | . . . 15 1 . . 5 3 5 5 . . . . . Launcher 43 | . . . . 1 . . 2 6 2 11 11 6 . 2 2 Special Weapon . | . . . . . . . . . . . . . . . . Impact Weapon 1 | . . . . . . . . . . . . . . 1 . Slashing Weapon 1 | . . . . . . . . . . . . . . . 1 Piercing Weapon 2 | . . . . . . . . . . . . . . 2 . Special Melee Weapon . | . . . . . . . . . . . . . . . . Unidentified Prototypes 8 | . . . . . . . 2 . 2 . 1 . . 1 2 Parts Lost 44 | . 4 . 13 . . 1 1 4 4 7 2 3 . . 5 Power 7 | . 2 . 1 . . . . 1 1 1 . . . . 1 Propulsion 28 | . 2 . 9 . . 1 1 3 3 5 2 . . . 2 Utility 4 | . . . 1 . . . . . . . . 2 . . 1 Weapon 5 | . . . 2 . . . . . . 1 . 1 . . 1 Highest Loss Streak 6 | . 2 . 6 . . 1 1 2 3 4 1 3 . . 5 To Critical Strikes . | . . . . . . . . . . . . . . . . Average Slot Usage (%) 88 | . 94 100 86 100 86 88 94 95 88 82 87 84 84 89 76 Engine 5 | . 12 14 9 11 11 11 9 8 5 . . . . . . Core 3 | . . . . . . . . . 1 6 7 7 7 7 3 Hover 3 | . 13 28 9 . . . . . . . . . . . 3 Flight 29 | . . . 30 44 44 44 43 44 33 27 28 30 30 30 25 Device 2 | . . . . . . . . . 1 . 4 7 7 13 6 Storage 8 | . 14 14 10 11 11 11 9 9 7 7 7 7 7 7 7 Processor 4 | . 12 14 4 11 11 11 14 9 1 . 4 . . . . Hackware 13 | . . . 5 . . . . 9 24 25 18 14 15 15 19 Energy Gun 1 | . . . . . 8 11 1 . 2 . 1 2 . . . Ballistic Gun 3 | . 28 28 4 . . . . . . . 1 . . . . Ballistic Cannon 5 | . . . 10 22 1 . 14 10 4 6 . . . . . Launcher 4 | . . . . . . . . 3 4 6 10 10 15 8 3 Naked Turns . | . . . . . . . . . . . . . . . . Heaviest Build 32 | 10 10 10 24 18 18 16 21 21 26 28 30 28 27 28 32 Greatest Support 30 | 20 20 12 24 18 18 18 21 21 28 29 30 29 29 29 29 Greatest Overweight (x) 2 | . . . 1 . . . 1 . 1 1 1 . . . 2 Average Overweight (x) . | . . . . . . . . . . . . . . . . Largest Inventory Capacity 8 | 8 8 8 8 8 8 8 8 8 8 8 8 8 8 8 8 Average Capacity 7 | 5 8 8 7 8 8 8 8 8 8 8 8 8 8 8 8 Most Carried 8 | 1 8 8 8 8 8 8 8 8 8 8 8 8 8 8 8 Average Carried 7 | . 5 7 6 7 7 7 7 7 7 7 7 7 8 7 7 Final Capacity 8 | 8 8 8 8 8 8 8 8 8 8 8 8 8 8 8 8 Final Carried 8 | 1 8 8 8 8 8 8 8 8 8 8 8 8 8 8 8 Class Distribution -------------------- 42% | Hacker-Sprinter 21% | Scavenger-Sprinter 10% | Scavenger-Mutant 10% | Hacker-Mutant 8% | Sprinter 6% | Mutant Dominant Class ---------------- Mutant | -10/Materials Scavenger-Mutant | -10/Mines Scavenger-Mutant | -9/Materials Scavenger-Sprinter | -9/Mines Sprinter | -9/Exiles Sprinter | -8/Mines Scavenger-Sprinter | -8/Materials Scavenger-Sprinter | -8/Garrison Hacker-Sprinter | -7/Factory Hacker-Sprinter | -7/Garrison Hacker-Sprinter | -7/Factory Hacker-Sprinter | -7/Lower Caves Hacker-Sprinter | -7/Lower Caves Hacker-Sprinter | -7/Zion Hacker-Sprinter | -7/Deep Caves Resources | -11 -10 -10 -9 -9 -9 -8 -8 -8 -7 -7 -7 -7 -7 -7 -7 ----------- Run | Yrd Mat Min Mat Min Exi Min Mat Gar Fac Gar Fac Low Low Zio Dee Matter Collected 8216 | 272 528 143 1130 312 . 47 448 661 1124 1463 1189 477 135 66 221 Remotely . | . . . . . . . . . . . . . . . . Salvage Created 8705 | 98 620 281 1305 217 . 243 663 463 1936 980 1511 313 32 . 43 Parts 529 | 3 51 25 86 13 . 8 42 43 124 41 74 15 4 . . Haulers Intercepted 9 | . . . 3 . . . 3 . 3 . . . . . . Recyclers Shooed 10 | . 1 3 4 2 . . . . . . . . . . . Parts Field Recycled . | . . . . . . . . . . . . . . . . Retrieved Matter . | . . . . . . . . . . . . . . . . Parts Self-Destructed 5 | . . . . . . . . . . . . 4 1 . . Prevented . | . . . . . . . . . . . . . . . . Kills | -11 -10 -10 -9 -9 -9 -8 -8 -8 -7 -7 -7 -7 -7 -7 -7 ------- Run | Yrd Mat Min Mat Min Exi Min Mat Gar Fac Gar Fac Low Low Zio Dee Combat Hostiles Destroyed 232 | . 12 . 33 3 . 5 14 32 39 25 51 13 3 . 2 Guns 41 | . 12 . 6 . . 5 4 2 6 . 6 . . . . Cannons 50 | . . . 27 3 . . 5 2 3 10 . . . . . AOE 141 | . . . . . . . 5 28 30 15 45 13 3 . 2 Classes Destroyed 22 | 2 6 . 3 . . . . 1 3 1 2 2 . . 2 Worker 28 | . 1 4 4 1 . . 1 . 13 . 4 . . . . Builder 17 | . 1 1 1 . . . 3 . 7 . 4 . . . . Tunneler 5 | 1 . 3 . . . . . . 1 . . . . . . Hauler 9 | . . . 3 . . . 3 . 3 . . . . . . Recycler 18 | 1 3 2 3 2 . . 3 . 3 . 1 . . . . Mechanic 5 | . . . . . . . . . . . 5 . . . . Operator 6 | . 1 . 2 . . . 2 . 1 . . . . . . Watcher 15 | . 3 . 3 . . . 2 . 5 . 2 . . . . Swarmer 55 | . 8 . 7 2 . 1 3 13 4 11 1 2 3 . . Saboteur 4 | . . . . . . . . 4 . . . . . . . Grunt 119 | . 4 . 18 . . 4 8 10 27 8 33 7 . . . Brawler 6 | . . . . . . . . . . . 6 . . . . Duelist 10 | . . . 2 . . 1 . 2 . . 5 . . . . Protector 6 | . . . . . . . . . 2 . 4 . . . . Sentry 21 | . . . 6 1 . . 3 3 1 5 1 1 . . . Specialist 1 | . . . . . . . . . . 1 . . . . . Hunter 3 | . . . . . . . . . 1 . 2 . . . . Programmer 5 | . . . . . . . . . 4 . . 1 . . . Z-Light 1 | . . . . . . . . . . . . . . . 1 Packrat 1 | . . . . . . . . . . . . 1 . . . Thief 1 | . . . . . . . . . . . . 1 . . . Assembled 1 | . . . . . . . . . . . . . . . 1 Mutant 1 | . . . . . . . . . . . . 1 . . . Best Kill Streak 28 | 2 15 3 10 3 . 3 12 15 12 11 28 7 3 . 1 Combat Bots Only 25 | . 5 . 7 2 . 3 7 15 6 11 25 7 3 . 1 Max Kills in Single Turn 5 | 1 1 1 3 2 . 1 3 5 5 4 5 4 2 . 1 Gunslinging . | . . . . . . . . . . . . . . . . Exploded 5 | . . . . . . . 2 5 4 4 4 4 2 . 1 Melee . | . . . . . . . . . . . . . . . . Uniques/NPCs Destroyed 1 | . . . . . . . . . . . . . . . 1 Z-Imprinter (-7/Deep Caves) Combat | -11 -10 -10 -9 -9 -9 -8 -8 -8 -7 -7 -7 -7 -7 -7 -7 -------- Run | Yrd Mat Min Mat Min Exi Min Mat Gar Fac Gar Fac Low Low Zio Dee Hostile Shots Fired 474 | . 77 . 97 4 . 10 26 16 41 89 45 31 3 . 35 Missed 199 | . 24 . 27 3 . 7 12 9 19 41 21 18 2 . 16 Damage Taken 4689 | . 473 . 969 8 . 58 199 250 386 1067 331 298 22 . 628 Core 1251 | . 92 . 303 8 . . 79 50 61 231 71 45 16 . 295 Absorbed by Shields 49 | . . . . . . . . . . 49 . . . . . Regen/Repaired (Parts) 197 | . . . 75 . . . 17 . 19 . . . . 86 . Core Remaining (%) 65 | 100 . 63 . . . 22 . 76 . . . . . . . Volleys Fired 535 | 6 69 33 135 13 . . 45 39 46 81 44 16 2 . 6 Largest 2 | 2 2 2 2 2 . . 2 2 2 2 2 2 1 . 2 Hottest 96 | 40 40 40 88 83 . . 89 83 93 96 84 84 39 . 78 Shots Fired 1008 | 12 138 66 238 24 . 22 94 51 83 127 99 40 2 . 12 Gun 439 | 12 138 66 101 . . 22 9 5 29 . 41 12 . . 4 Cannon 410 | . . . 137 22 . . 82 35 35 99 . . . . . Launcher 159 | . . . . 2 . . 3 11 19 28 58 28 2 . 8 Special . | . . . . . . . . . . . . . . . . Kinetic 739 | 12 138 66 238 22 . . 82 35 35 99 12 . . . . Thermal 110 | . . . . . . 22 9 5 29 . 29 12 . . 4 Explosive 159 | . . . . 2 . . 3 11 19 28 58 28 2 . 8 Electromagnetic . | . . . . . . . . . . . . . . . . Robot Hit Streak 26 | 3 12 7 17 9 . 9 26 13 8 17 16 10 4 . 2 Robot Miss Streak 11 | 2 4 5 11 5 . 1 9 4 5 4 4 3 1 . 4 Penetration Max . | . . . . . . . . . . . . . . . . Secondary Targets 3 | . 2 . 1 . . . . . . . . . . . . Max Gunslinging Chain 1 | . 1 . 1 . . . . . . . . . . . . Autonomous 112 | . . . . . . 22 9 5 29 . 29 13 . . 5 Shots Hit Robots 644 | 8 88 36 178 15 . 18 68 22 51 70 65 20 1 . 4 Core Hits 851 | 4 36 17 135 15 . 10 79 63 174 79 175 53 2 . 9 Critical Kills 1 | . 1 . . . . . . . . . . . . . . Critical Parts Destroyed 1 | . . . 1 . . . . . . . . . . . . Critical Strikes 6 | . 1 . 1 1 . . 1 . . 2 . . . . . Destroy 2 | . 1 . 1 . . . . . . . . . . . . Blast 4 | . . . . 1 . . 1 . . 2 . . . . . Melee Attacks 26 | . . . . . . . . . . . . . . 26 . Impact 13 | . . . . . . . . . . . . . . 13 . Slashing . | . . . . . . . . . . . . . . . . Piercing 13 | . . . . . . . . . . . . . . 13 . Sneak Attacks . | . . . . . . . . . . . . . . . . Combat Hostiles . | . . . . . . . . . . . . . . . . Follow-up Attacks . | . . . . . . . . . . . . . . . . Damage Inflicted 31367 | 70 715 290 2262 327 . 557 2306 2355 5837 4203 9813 1687 209 . 736 Guns 4222 | 70 715 290 578 . . 557 263 163 600 . 812 114 . . 60 Cannons 5658 | . . . 1684 323 . . 1266 306 500 1579 . . . . . Explosions 21487 | . . . . 4 . . 777 1886 4737 2624 9001 1573 209 . 676 Melee . | . . . . . . . . . . . . . . . . Ramming . | . . . . . . . . . . . . . . . . Kinetic 7418 | 70 715 290 2262 323 . . 1266 306 500 1579 107 . . . . Thermal 2964 | . . . . . . 557 263 163 661 . 1146 114 . . 60 Explosive 20523 | . . . . 4 . . 777 1886 4214 2624 8560 1573 209 . 676 Electromagnetic 462 | . . . . . . . . . 462 . . . . . . Impact . | . . . . . . . . . . . . . . . . Slashing . | . . . . . . . . . . . . . . . . Piercing . | . . . . . . . . . . . . . . . . Highest Corruption 1 | . 1 1 1 1 1 1 . . . . . . . . . Average Corruption 1 | . 1 1 1 1 1 1 . . . . . . . . . Corruption Purged . | . . . . . . . . . . . . . . . . Corruption Blocked . | . . . . . . . . . . . . . . . . Effects 10 | . . 2 3 1 1 3 . . . . . . . . . Message Errors 6 | . . 1 2 1 . 2 . . . . . . . . . Heat Flow Errors 1 | . . . . . . 1 . . . . . . . . . Energy Discharges 1 | . . . . . 1 . . . . . . . . . . Data Loss (minor) 1 | . . . 1 . . . . . . . . . . . . Alerts 1 | . . 1 . . . . . . . . . . . . . Overload Shots . | . . . . . . . . . . . . . . . . Overflow Damage 432 | . . . 6 2 . . 5 35 115 64 93 40 27 . 45 Projectiles 49 | . . . 6 2 . . 5 . 21 15 . . . . . Explosions 383 | . . . . . . . . 35 94 49 93 40 27 . 45 Melee . | . . . . . . . . . . . . . . . . Knockbacks 88 | . . . 39 15 . . 23 . 3 8 . . . . . Impact . | . . . . . . . . . . . . . . . . Kinetic 80 | . . . 36 13 . . 20 . 3 8 . . . . . Secondary 8 | . . . 3 2 . . 3 . . . . . . . . Self-Inflicted Damage 759 | . . . . . . . . 153 61 447 25 45 6 . 22 Shots 36 | . . . . . . . . 8 4 18 1 3 1 . 1 Rammed . | . . . . . . . . . . . . . . . . Targets Rammed . | . . . . . . . . . . . . . . . . Kicked . | . . . . . . . . . . . . . . . . Crushed . | . . . . . . . . . . . . . . . . Highest Temperature 347 | . 12 8 347 58 . 232 200 146 14 297 87 75 10 . 39 Average Temperature 62 | . 5 4 81 23 . 106 95 70 6 70 25 25 9 . 14 Received Heat Transfer 1123 | . 96 . 255 . . 27 81 54 111 154 129 45 . . 171 Effects 2 | . . . 1 . . . 1 . . . . . . . . Energy Bleed 1 | . . . 1 . . . . . . . . . . . . Interference 1 | . . . . . . . 1 . . . . . . . . Siege Activations . | . . . . . . . . . . . . . . . . Robots Corrupted . | . . . . . . . . . . . . . . . . Combat Hostiles . | . . . . . . . . . . . . . . . . Parts Fried 3 | . . . . . . . . . 3 . . . . . . Impact Corruptions . | . . . . . . . . . . . . . . . . Robots Melted . | . . . . . . . . . . . . . . . . Combat Hostiles . | . . . . . . . . . . . . . . . . Parts Melted 2 | . . . . . . . . . 1 1 . . . . . Heat Transferred 3124 | . . . . . . 703 296 185 716 . 1058 148 . . 18 Parts Sabotaged . | . . . . . . . . . . . . . . . . Parts Stolen . | . . . . . . . . . . . . . . . . Parts Stripped . | . . . . . . . . . . . . . . . . Power Chain Reactions 1 | . . . . . . . . . 1 . . . . . . Alert | -11 -10 -10 -9 -9 -9 -8 -8 -8 -7 -7 -7 -7 -7 -7 -7 ------- Run | Yrd Mat Min Mat Min Exi Min Mat Gar Fac Gar Fac Low Low Zio Dee Peak Influence 3724 | 10 427 144 920 500 . 288 799 1897 2668 3319 3724 . . . . Initial 1867 | . 6 94 55 343 . . 111 519 995 1867 1742 . . . . Average 1428 | 5 207 118 474 448 . 200 428 1410 1754 2857 2616 . . . . Maximum Alert Level 5 | . 2 . 3 2 . 1 3 5 5 5 5 . . . . Low Security (%) 15 | 100 48 100 19 . . 39 13 . . . . . . . . Level 1 10 | . 35 . 21 9 . 60 40 . . . . . . . . Level 2 11 | . 15 . 26 90 . . 27 14 . . . . . . . Level 3 8 | . . . 32 . . . 18 10 12 . . . . . . Level 4 7 | . . . . . . . . 26 29 . . . . . . Level 5 37 | . . . . . . . . 48 52 100 26 . . . . High Security 7 | . . . . . . . . . 4 . 73 . . . . Max Security . | . . . . . . . . . . . . . . . . Squads Dispatched 42 | . 4 . 5 . . . 2 . 11 . 20 . . . . Investigation 16 | . 3 . 4 . . . 1 . 4 . 4 . . . . Extermination 2 | . . . . . . . . . 2 . . . . . . Reinforcement 6 | . 1 . 1 . . . 1 . 2 . 1 . . . . Assault 17 | . . . . . . . . . 3 . 14 . . . . Garrison 1 | . . . . . . . . . . . 1 . . . . Intercept . | . . . . . . . . . . . . . . . . Searches Triggered . | . . . . . . . . . . . . . . . . Construction Impeded 1 | . . . . . . . . . . . 1 . . . . Haulers Reinforced 1 | . . . . . . . . . 1 . . . . . . Active Scanning Responses . | . . . . . . . . . . . . . . . . Cargo Convoy Interrupts . | . . . . . . . . . . . . . . . . Stealth | -11 -10 -10 -9 -9 -9 -8 -8 -8 -7 -7 -7 -7 -7 -7 -7 --------- Run | Yrd Mat Min Mat Min Exi Min Mat Gar Fac Gar Fac Low Low Zio Dee Distress Signals 14 | . 1 . 2 . . . 5 . 3 . 3 . . . . Communications Jammed . | . . . . . . . . . . . . . . . . Distress Signals . | . . . . . . . . . . . . . . . . Times Spotted 313 | . 23 . 53 9 . 13 26 12 50 28 77 11 3 . 8 Peak Tracking Total 14 | . 6 . 7 6 . 5 6 4 7 6 14 4 3 . 3 Tactical Retreats 21 | . 3 . 5 2 . 2 3 . 1 2 2 1 . . . Traps | -11 -10 -10 -9 -9 -9 -8 -8 -8 -7 -7 -7 -7 -7 -7 -7 ------- Run | Yrd Mat Min Mat Min Exi Min Mat Gar Fac Gar Fac Low Low Zio Dee Traps Triggered 10 | . . . . . . . . 1 1 7 1 . . . . Indirectly . | . . . . . . . . . . . . . . . . Trap Hack Attempts . | . . . . . . . . . . . . . . . . Triggered . | . . . . . . . . . . . . . . . . Disarmed . | . . . . . . . . . . . . . . . . Reprogrammed . | . . . . . . . . . . . . . . . . Reused . | . . . . . . . . . . . . . . . . Traps Extracted . | . . . . . . . . . . . . . . . . Installed . | . . . . . . . . . . . . . . . . Triggered . | . . . . . . . . . . . . . . . . Most Traps Carried 2 | . . . . 2 2 . . . . . . . . . . Machines | -11 -10 -10 -9 -9 -9 -8 -8 -8 -7 -7 -7 -7 -7 -7 -7 ---------- Run | Yrd Mat Min Mat Min Exi Min Mat Gar Fac Gar Fac Low Low Zio Dee Machines Disabled 74 | . . . . . . . 4 13 27 11 13 5 . . 1 Max in Single Turn 6 | . . . . . . . 1 2 6 2 3 4 . . . Garrison Access 2 | . . . . . . . . . 1 . 1 . . . . Garrison Relay 11 | . . . . . . . . 6 . 5 . . . . . Phase Generator 2 | . . . . . . . . 1 . 1 . . . . . Machines Repaired . | . . . . . . . . . . . . . . . . Machines Dismantled . | . . . . . . . . . . . . . . . . Machines Sabotaged . | . . . . . . . . . . . . . . . . Overloaded Fab Kills . | . . . . . . . . . . . . . . . . Hacking | -11 -10 -10 -9 -9 -9 -8 -8 -8 -7 -7 -7 -7 -7 -7 -7 --------- Run | Yrd Mat Min Mat Min Exi Min Mat Gar Fac Gar Fac Low Low Zio Dee Machines Accessed 60 | . 5 . 12 . 5 . 8 4 18 2 6 . . . . Terminals 36 | . 4 . 8 . . . 6 4 8 2 4 . . . . Fabricators 5 | . . . . . . . . . 4 . 1 . . . . Repair Stations 5 | . 1 . 2 . . . 1 . 1 . . . . . . Recycling Units . | . . . . . . . . . . . . . . . . Scanalyzers 5 | . . . 2 . . . . . 3 . . . . . . Garrison Access 4 | . . . . . . . 1 . 2 . 1 . . . . Total Hacks 209 | . 20 . 43 . 50 . 22 8 46 7 13 . . . . Successful 123 | . 3 . 21 . 50 . 13 3 22 5 6 . . . . Failed 85 | . 17 . 22 . . . 8 5 24 2 7 . . . . Catastrophic 18 | . 1 . 6 . . . 3 1 4 1 2 . . . . Database Lockouts 1 | . . . . . . . 1 . . . . . . . . Manual 66 | . 14 . 16 . 1 . 13 . 10 6 6 . . . . Terminals 110 | . 17 . 28 . . . 19 8 22 7 9 . . . . Fabricators 13 | . . . . . . . . . 10 . 3 . . . . Repair Stations 13 | . 3 . 6 . . . 2 . 2 . . . . . . Recycling Units . | . . . . . . . . . . . . . . . . Scanalyzers 16 | . . . 9 . . . . . 7 . . . . . . Garrison Access 7 | . . . . . . . 1 . 5 . 1 . . . . Terminal Hacks 89 | . 2 . 10 . 50 . 10 3 6 5 3 . . . . Record 49 | . . . . . 49 . . . . . . . . . . Part Schematic 1 | . . . . . . . . . 1 . . . . . . Robot Schematic 1 | . . . . . . . . . 1 . . . . . . Robot Analysis 14 | . 2 . 7 . . . 5 . . . . . . . . Prototype ID Bank 5 | . . . 2 . . . 1 . 1 . 1 . . . . Open Door 1 | . . . . . . . . 1 . . . . . . . Level Access Points 1 | . . . . . . . . . 1 . . . . . . Branch Access Points 1 | . . . . . . . . . . . 1 . . . . Emergency Access Points 2 | . . . . . . . . 1 . 1 . . . . . Terminal Index 3 | . . . . . . . 1 . 1 . 1 . . . . Unreport Threat 2 | . . . . . . . . . 1 1 . . . . . Zone Layout 4 | . . . 1 . . . 3 . . . . . . . . Garrison Registry 2 | . . . . . . . . 1 . 1 . . . . . Patrol Navigation 1 | . . . . . . . . . . 1 . . . . . Security Stations 1 | . . . . . . . . . . 1 . . . . . Derelict Proto ID Bank 1 | . . . . . 1 . . . . . . . . . . Fabricator Hacks 9 | . . . . . . . . . 7 . 2 . . . . Load Schematic 4 | . . . . . . . . . 3 . 1 . . . . Build 5 | . . . . . . . . . 4 . 1 . . . . Repair Station Hacks 7 | . 1 . 2 . . . 2 . 2 . . . . . . Scan Component 4 | . 1 . 1 . . . 1 . 1 . . . . . . Repair 3 | . . . 1 . . . 1 . 1 . . . . . . Recycling Unit Hacks . | . . . . . . . . . . . . . . . . Scanalyzer 14 | . . . 9 . . . . . 5 . . . . . . Insert Component 8 | . . . 5 . . . . . 3 . . . . . . Analyze 6 | . . . 4 . . . . . 2 . . . . . . Garrison Access Hacks 4 | . . . . . . . 1 . 2 . 1 . . . . Unlock Access 2 | . . . . . . . 1 . 1 . . . . . . Seal Access 2 | . . . . . . . . . 1 . 1 . . . . Unauthorized Hacks . | . . . . . . . . . . . . . . . . Terminals . | . . . . . . . . . . . . . . . . Fabricators . | . . . . . . . . . . . . . . . . Repair Stations . | . . . . . . . . . . . . . . . . Recycling Units . | . . . . . . . . . . . . . . . . Scanalyzers . | . . . . . . . . . . . . . . . . Garrison Access . | . . . . . . . . . . . . . . . . Data Cores Recovered 1 | . . . . . . . 1 . . . . . . . . Used 1 | . . . . . . . 1 . . . . . . . . Hacking Detections 46 | . 5 . 12 . . . 6 2 14 2 5 . . . . Full Trace Events 22 | . 5 . 7 . . . 2 1 3 . 4 . . . . Feedback Events 2 | . 1 . 1 . . . . . . . . . . . . Corruption 2 | . 1 . 1 . . . . . . . . . . . . Feedback Blocked . | . . . . . . . . . . . . . . . . Robot Schematics Acquired 3 | . . . . . . . . . 1 . . . . 2 . Robots Built 6 | . . . . . . . . . 6 . . . . . . Authchips 3 | . . . . . . . . . 3 . . . . . . Time 178 | . . . . . . . . . 178 . . . . . . Total Robot Build Rating 24 | . . . . . . . . . 24 . . . . . . Part Schematics Acquired 22 | . . . 4 . . . . . 2 . . . . 16 . Parts Built 2 | . . . . . . . . . 1 . 1 . . . . Authchips . | . . . . . . . . . . . . . . . . Time 159 | . . . . . . . . . 106 . 53 . . . . Total Part Build Rating 12 | . . . . . . . . . 6 . 6 . . . . Parts Repaired 3 | . . . 1 . . . 1 . 1 . . . . . . Time 90 | . . . 26 . . . 26 . 38 . . . . . . Parts Recycled . | . . . . . . . . . . . . . . . . Recycled Matter . | . . . . . . . . . . . . . . . . Retrieved Matter . | . . . . . . . . . . . . . . . . Retrieved Components . | . . . . . . . . . . . . . . . . Parts Scanalyzed 5 | . . . 4 . . . . . 1 . . . . . . Part Schematics Acquired 5 | . . . 4 . . . . . 1 . . . . . . Parts Damaged . | . . . . . . . . . . . . . . . . Bothacking | -11 -10 -10 -9 -9 -9 -8 -8 -8 -7 -7 -7 -7 -7 -7 -7 ------------ Run | Yrd Mat Min Mat Min Exi Min Mat Gar Fac Gar Fac Low Low Zio Dee Used RIF Installer . | . . . . . . . . . . . . . . . . Robots Hacked . | . . . . . . . . . . . . . . . . Non-combat . | . . . . . . . . . . . . . . . . Combat . | . . . . . . . . . . . . . . . . Robot Hacks Applied . | . . . . . . . . . . . . . . . . Relay Couplers Released 42 | . . . . . . . . 21 . 21 . . . . . Machine Destruction 42 | . . . . . . . . 21 . 21 . . . . . Fabnet Peak Effective % . | . . . . . . . . . . . . . . . . Robots Rewired 11 | . . . . . . . . . 1 6 . 4 . . . Allies Hacked . | . . . . . . . . . . . . . . . . Hacks Repelled . | . . . . . . . . . . . . . . . . Allies | -11 -10 -10 -9 -9 -9 -8 -8 -8 -7 -7 -7 -7 -7 -7 -7 -------- Run | Yrd Mat Min Mat Min Exi Min Mat Gar Fac Gar Fac Low Low Zio Dee Total Allies 33 | . . . . 3 . . . 2 7 9 3 4 . 5 . Largest Group 8 | . . . . 3 3 2 . 2 4 6 6 4 3 8 8 Highest-Rated Group 290 | . . . . 40 40 32 . 62 148 290 149 100 75 249 249 Highest-Rated Ally 80 | . . . . 16 16 16 . 31 40 80 31 25 25 51 51 Total Orders 10 | . . . . . . . . . 2 8 . . . . . STAY 6 | . . . . . . . . . 1 5 . . . . . FOLLOW 4 | . . . . . . . . . 1 3 . . . . . Ally Attacks 290 | . . . . 13 . 12 . . 58 48 103 4 . . 52 Total Damage 6269 | . . . . 134 . 149 . . 1125 2035 1643 123 . . 1060 Kills 50 | . . . . 3 . 4 . . 7 15 11 1 . . 9 Allies Corrupted . | . . . . . . . . . . . . . . . . Allies Melted . | . . . . . . . . . . . . . . . . Intel | -11 -10 -10 -9 -9 -9 -8 -8 -8 -7 -7 -7 -7 -7 -7 -7 ------- Run | Yrd Mat Min Mat Min Exi Min Mat Gar Fac Gar Fac Low Low Zio Dee Robot Analysis Total 14 | . 2 . 7 . . . 5 . . . . . . . . Derelict Logs Recovered 7 | . . 1 . 1 . . . . . . . 2 2 1 . Drone Launches . | . . . . . . . . . . . . . . . . Drone Recoveries . | . . . . . . . . . . . . . . . . Exploration | -11 -10 -10 -9 -9 -9 -8 -8 -8 -7 -7 -7 -7 -7 -7 -7 ------------- Run | Yrd Mat Min Mat Min Exi Min Mat Gar Fac Gar Fac Low Low Zio Dee Turns Passed 7956 | 53 451 365 872 264 152 233 356 640 1071 1248 602 488 421 472 268 Spaces Moved 14795 | 35 343 494 1219 591 403 537 457 1137 2466 2178 1157 1196 1160 1113 309 Core 35 | 1 . . 2 . . . . . . . . . . . 32 Treads . | . . . . . . . . . . . . . . . . Legs . | . . . . . . . . . . . . . . . . Wheels 173 | 34 139 . . . . . . . . . . . . . . Hover 898 | . 204 494 108 . . . . . . . . . . . 92 Flight 13689 | . . . 1109 591 403 537 457 1137 2466 2178 1157 1196 1160 1113 185 Fastest Speed 23 | 50 56 56 26 27 27 27 26 26 23 26 28 28 28 28 28 Average Speed 31 | 79 65 56 31 27 27 27 31 26 28 30 29 28 28 28 48 Slowest Speed 190 | 80 80 56 120 27 27 28 108 28 104 107 112 28 28 28 190 Overloaded Moves . | . . . . . . . . . . . . . . . . Propulsion Burnouts . | . . . . . . . . . . . . . . . . Robots Hopped 75 | . . . 19 2 . 5 8 . 29 . 9 1 2 . . Cave-ins Triggered . | . . . . . . . . . . . . . . . . Exploration Rate (%) 69 | 3 66 85 83 84 90 93 45 90 48 97 23 97 89 87 33 Regions Visited 15 Branch Regions 8 Pre-discovered Areas 7 | . . 1 . . 1 . . . . . . 2 . 3 . Known Exits Taken 4 | . . . . . . 1 1 . 1 . 1 . . . . Unknown Exits Taken 9 | 1 1 1 1 1 1 . . . . . . 1 1 1 . Scrap Searched 9 | . . 1 . 1 . . . . . . . 3 2 2 . Spaces Dug 71 | . . . . 10 . . . 27 . 15 . 16 . 3 . Terrain Destroyed 1745 | . . . . 19 . 3 30 327 308 384 347 218 29 3 77 Melee 3 | . . . . . . . . . . . . . . 3 . Projectile 30 | . . . . . . 3 8 . 12 1 1 5 . . . AOE 1712 | . . . . 19 . . 22 327 296 383 346 213 29 . 77 Terrain Rammed . | . . . . . . . . . . . . . . . . Walls Destroyed . | . . . . . . . . . . . . . . . . Machines Disabled . | . . . . . . . . . . . . . . . . Actions | -11 -10 -10 -9 -9 -9 -8 -8 -8 -7 -7 -7 -7 -7 -7 -7 --------- Run | Yrd Mat Min Mat Min Exi Min Mat Gar Fac Gar Fac Low Low Zio Dee Total 17127 | 47 464 530 1475 672 447 618 571 1420 2741 2611 1324 1310 1251 1225 421 Wait 1212 | . 11 . 67 54 38 79 47 194 179 178 63 70 92 64 76 Move 14636 | 34 342 493 1181 586 402 526 442 1135 2409 2177 1140 1193 1155 1112 309 Hop 69 | . . . 18 2 . 5 7 . 27 . 7 1 2 . . Pick Up 90 | 1 19 2 7 6 . 3 6 8 9 8 7 2 . 6 6 Fast Attach 90 | 6 3 . 12 1 1 . 8 4 15 13 16 2 . 3 6 Attach 73 | . 3 . 23 . . 1 3 4 9 5 11 5 . 3 6 Detach 47 | . 1 . 19 1 2 . 2 1 2 3 9 2 . . 5 Swap 64 | . 4 . 7 3 1 1 2 8 12 13 6 4 . 2 1 Drop 132 | . 12 2 6 6 3 3 9 9 25 18 21 3 . 9 6 Fire 535 | 6 69 33 135 13 . . 45 39 46 81 44 16 2 . 6 Melee 26 | . . . . . . . . . . . . . . 26 . Ram . | . . . . . . . . . . . . . . . . Kick . | . . . . . . . . . . . . . . . . Crush . | . . . . . . . . . . . . . . . . Escape Stasis 109 | . . . . . . . . 18 . 91 . . . . . Rewire 44 | . . . . . . . . . 8 24 . 12 . . . Trap . | . . . . . . . . . . . . . . . . Miscellaneous . | . . . . . . . . . . . . . . . . Route ------- -11/Scrapyard -10/Materials (discovered 3 exits: *Mat x2 / [*Min]) -10/Mines (discovered 2 exits: *Mat x2) -9/Materials (discovered 5 exits: *Mat x3 / [*Min] / [*Sto]) -9/Mines (discovered 2 exits: *Exi / [*Zio]) -9/Exiles (discovered 2 exits: [*Min x2]) -8/Mines -8/Materials (discovered 2 exits: *Fac / Gar) -8/Garrison (discovered 3 exits: *Fac x3) -7/Factory (discovered 6 exits: *Fac x4 / *Low / Gar) -7/Garrison (discovered 4 exits: *Fac x4) -7/Factory (discovered 2 exits: *Low x2) -7/Lower Caves -7/Lower Caves (discovered 2 exits: Fac / [*Zio]) -7/Zion (discovered 2 exits: [*Dee] / [*Pro]) -7/Deep Caves History --------- Turn | Location | Event 15 | -11/Scrapyard | Discovered new exit (range 15) 54 | -11/Scrapyard | Entered Materials 219 | -10/Materials | Discovered new exit (range 14) 313 | -10/Materials | Build established: Mutant 453 | -10/Materials | Discovered new exit (range 11) 496 | -10/Materials | Discovered new exit (range 12) 505 | -10/Materials | Entered Mines 530 | -10/Mines | Met a Derelict bent on vengeance 632 | -10/Mines | Learned 2 Materials zone layouts 650 | -10/Mines | YI-UF0 nonchalantly dropped a Grenade Launcher on the ground 654 | -10/Mines | Discovered new exit (range 12) 672 | -10/Mines | Build established: Scavenger-Mutant 690 | -10/Mines | Discovered new exit (range 5) 796 | -10/Mines | Learned location of Storage (-9) 870 | -10/Mines | Entered Materials 870 | -9/Materials | Evolved 2 slots: Propulsion x2 907 | -9/Materials | Discovered new exit (range 9) 1075 | -9/Materials | Discovered new exit (range 15) 1089 | -9/Materials | Lost 6 parts (1p2n1u2w) 1103 | -9/Materials | Core integrity fell below 50% 1153 | -9/Materials | Repaired Sml. Storage Unit 1209 | -9/Materials | Destroyed 7 combat bots 1233 | -9/Materials | Discovered new exit (range 4) 1385 | -9/Materials | Discovered new exit (range 7) 1556 | -9/Materials | Identified exit to Materials 1688 | -9/Materials | Discovered new exit (range 15) 1742 | -9/Materials | Entered Mines 1744 | -9/Mines | Assisted by bots powering up and referring to "LRC-V3" 1779 | -9/Mines | Assembled infested the area 1824 | -9/Mines | Found a damaged Exp. Sensor Array with a note attached 1825 | -9/Mines | Found Prototype Device 1837 | -9/Mines | A Derelict revealed a hidden shortcut to a safe place 1840 | -9/Mines | Deemed a non-threat by the Exiles lab entrance 1840 | -9/Mines | Discovered new exit (range 5) 1853 | -9/Mines | Found a hidden stash of uninstalled traps 1892 | -9/Mines | Learned 4 Materials zone layouts 1913 | -9/Mines | Joined a pair of Derelicts in attacking an 0b10 outpost 2006 | -9/Mines | Entered Exiles 2006 | -9/Exiles | Accompanied by 3 allies 2010 | -9/Exiles | Discovered new exit (range 15) 2013 | -9/Exiles | Met 8R-AWN 2020 | -9/Exiles | Met EX-HEX 2030 | -9/Exiles | Met EX-BIN 2033 | -9/Exiles | Aligned with FarCom system 2034 | -9/Exiles | Given EX-Vault access code 2044 | -9/Exiles | Opened EX-Vault 2046 | -9/Exiles | Found AWS/Thermal 2053 | -9/Exiles | Warned to stay clear of 0b10 Research branches 2061 | -9/Exiles | Met EX-DEC 2063 | -9/Exiles | Learned location of Zion (-7) 2074 | -9/Exiles | Visited The Gauntlet 2118 | -9/Exiles | Discovered new exit (range 10) 2158 | -9/Exiles | Left Exiles lab with AWS/Thermal 2158 | -9/Exiles | Entered Mines 2158 | -8/Mines | Accompanied by 3 allies 2188 | -8/Mines | Discovered exit to Materials (range 3) 2206 | -8/Mines | Build established: Sprinter 2391 | -8/Mines | Entered Materials 2391 | -8/Materials | Accompanied by 1 ally 2391 | -8/Materials | Evolved 2 slots: Propulsion x1, Utility x1 2392 | -8/Materials | Identified exit to Factory 2618 | -8/Materials | Found Prototype Launcher 2618 | -8/Materials | Identified Rocket Array 2625 | -8/Materials | Found Rocket Array 2627 | -8/Materials | Found Rocket Array 2628 | -8/Materials | Repaired Flight Unit? 2717 | -8/Materials | Destroyed 7 combat bots 2729 | -8/Materials | Central database locked down 2747 | -8/Materials | Identified exit to Garrison 2747 | -8/Materials | Entered Garrison 2767 | -8/Garrison | Garrison Relay disabled 2798 | -8/Garrison | Discovered exit to Factory (range 61) 2798 | -8/Garrison | Discovered exit to Factory (range 66) 2798 | -8/Garrison | Discovered exit to Factory (range 33) 2819 | -8/Garrison | Garrison Relay disabled 2839 | -8/Garrison | Phase Generator disabled 2854 | -8/Garrison | Triggered checkpoint 2866 | -8/Garrison | Triggered checkpoint 2876 | -8/Garrison | Triggered checkpoint 2886 | -8/Garrison | Triggered checkpoint 2906 | -8/Garrison | Triggered checkpoint 2927 | -8/Garrison | Destroyed 15 combat bots 2959 | -8/Garrison | Build established: Scavenger-Sprinter 2986 | -8/Garrison | Garrison Relay disabled 3077 | -8/Garrison | Garrison Relay disabled 3098 | -8/Garrison | Destroyed 8 combat bots 3140 | -8/Garrison | Rescued a captive Derelict 3141 | -8/Garrison | Rescued a captive Derelict 3190 | -8/Garrison | Garrison Relay disabled 3387 | -8/Garrison | Entered Factory 3387 | -7/Factory | Accompanied by 2 allies 3387 | -7/Factory | Evolved 2 slots: Utility x2 3413 | -7/Factory | Identified exit to Garrison 3419 | -7/Factory | Identified Exp. Sensor Array 3568 | -7/Factory | Discovered new exit (range 5) 3621 | -7/Factory | Repaired Cesium-ion Thruster 3677 | -7/Factory | Fabricated X-62 Marksman? 3787 | -7/Factory | First assault squad dispatched 3827 | -7/Factory | Lost 3 parts (1p2n) 4060 | -7/Factory | Fabricated Nuclear Pulse Array (x1) 4118 | -7/Factory | Discovered new exit (range 13) 4122 | -7/Factory | Identified exit to Factory 4188 | -7/Factory | Build established: Hacker-Sprinter 4247 | -7/Factory | Fabricated P-60 Hacker? 4278 | -7/Factory | Fabricated P-60 Hacker? 4408 | -7/Factory | High security lockdown imminent 4458 | -7/Factory | Entered Garrison 4458 | -7/Garrison | Accompanied by 4 allies 4478 | -7/Garrison | Garrison Relay disabled 4494 | -7/Garrison | Triggered checkpoint 4495 | -7/Garrison | Discovered new exit (range 6) 4504 | -7/Garrison | Triggered checkpoint 4508 | -7/Garrison | Triggered checkpoint 4511 | -7/Garrison | Triggered checkpoint 4532 | -7/Garrison | Destroyed 11 combat bots 4566 | -7/Garrison | Discovered new exit (range 8) 4580 | -7/Garrison | Garrison Relay disabled 4680 | -7/Garrison | Found embedded Infiltrators 4700 | -7/Garrison | Triggered checkpoint 4717 | -7/Garrison | Phase Generator disabled 4807 | -7/Garrison | Garrison Relay disabled 4818 | -7/Garrison | Triggered checkpoint 4880 | -7/Garrison | Discovered new exit (range 11) 4970 | -7/Garrison | Discovered new exit (range 26) 4970 | -7/Garrison | Discovered new exit (range 39) 4970 | -7/Garrison | Discovered new exit (range 51) 4970 | -7/Garrison | Discovered new exit (range 37) 4974 | -7/Garrison | Triggered checkpoint 4994 | -7/Garrison | Spotted B-75 Beast 5025 | -7/Garrison | Allies destroyed B-75 Beast 5043 | -7/Garrison | Rescued a captive Derelict 5051 | -7/Garrison | Rescued a captive Derelict 5084 | -7/Garrison | Lost 6 allies 5107 | -7/Garrison | Triggered checkpoint 5129 | -7/Garrison | Triggered checkpoint 5206 | -7/Garrison | Lost 4 parts (1p3n) 5325 | -7/Garrison | Triggered checkpoint 5416 | -7/Garrison | Learned Factory security intel 5471 | -7/Garrison | Garrison Relay disabled 5558 | -7/Garrison | Triggered checkpoint 5639 | -7/Garrison | Build established: Hacker-Mutant 5706 | -7/Garrison | Entered Factory 5706 | -7/Factory | Accompanied by 6 allies 5721 | -7/Factory | Identified exit to Lower Caves 5747 | -7/Factory | Garrison activated, responded to threat 5810 | -7/Factory | Fabricated Nuclear Pulse Array (x1) 5867 | -7/Factory | High security lockdown imminent 5947 | -7/Factory | High security lockdown engaged 6023 | -7/Factory | Allied Derelicts emerged from ambush trap array 6055 | -7/Factory | Core integrity fell below 50% 6060 | -7/Factory | Build established: Hacker-Sprinter 6185 | -7/Factory | Lost 3 allies 6229 | -7/Factory | Destroyed 25 combat bots 6308 | -7/Factory | Entered Lower Caves 6314 | -7/Lower Caves | Met a Warlord Commander 6315 | -7/Lower Caves | Learned location of Warlord (-5) 6316 | -7/Lower Caves | Warlord Commander delivered Encrypted Comm Array 6319 | -7/Lower Caves | Found Encrypted Comm Array 6320 | -7/Lower Caves | Destroyed 13 combat bots 6334 | -7/Lower Caves | Encountered a Warlord checkpoint 6369 | -7/Lower Caves | Learned 4 Factory zone layouts 6536 | -7/Lower Caves | Attracted the attention of an 0b10 base 6578 | -7/Lower Caves | Destroyed 7 combat bots 6586 | -7/Lower Caves | Attacked by a delusional Derelict stockpiling Unaware 6586 | -7/Lower Caves | Lost 3 parts (2u1w) 6737 | -7/Lower Caves | Discovered new exit (range 12) 6796 | -7/Lower Caves | Entered another Lower Caves area 6796 | -7/Lower Caves | Accompanied by 3 allies 6886 | -7/Lower Caves | Discovered new exit (range 16) 7026 | -7/Lower Caves | Encountered a Warlord checkpoint 7028 | -7/Lower Caves | Learned Factory trap positions 7217 | -7/Lower Caves | Entered Zion 7217 | -7/Zion | Accompanied by 3 allies 7225 | -7/Zion | Found CR-A16's Pointy Stick 7232 | -7/Zion | Discovered new exit (range 11) 7290 | -7/Zion | Given the Hacking Drone Bay 7291 | -7/Zion | Found Prototype Device 7300 | -7/Zion | Identified Hacking Drone Bay 7375 | -7/Zion | Gained Derelict followers 7394 | -7/Zion | Gained Derelict followers 7544 | -7/Zion | Rebuked by Imprinter 7604 | -7/Zion | Discovered new exit (range 4) 7629 | -7/Zion | Saw the warning signs outside the Deep Caves entrance 7689 | -7/Zion | Entered Deep Caves 7689 | -7/Deep Caves | Accompanied by 8 allies 7772 | -7/Deep Caves | Z-Facility disabled 7779 | -7/Deep Caves | Attacked by Z-Imprinter 7805 | -7/Deep Caves | Core integrity fell below 20% 7824 | -7/Deep Caves | Allies destroyed Z-Imprinter 7838 | -7/Deep Caves | Lost 5 parts (1p2n1u1w) 7855 | -7/Deep Caves | Lost 5 allies 7942 | -7/Deep Caves | Found Prototype Protection 7942 | -7/Deep Caves | Identified Zio. Heavy Carapace 7957 | -7/Deep Caves | Destroyed by 4P-353(z) with Zionite Laser-S Last Messages --------------- 07865_ Acquired 10 matter. 07866_ The unstable cave ceiling collapses. 07869_ Acquired Mak. Hacking Suite. 07870_ Acquired 10 matter. 07897_ Discarded Hacking Suite. 07898_ The unstable cave ceiling collapses. 07899_ Acquired Broken AWS/Thermal. 07938_ 9T-ZNZ(l) destroyed. 07941_ Discarded Imp. Hacking Suite. 07942_ Discarded System Shield. 07942_ Acquired Prototype Protection. 07942_ Identified Zio. Heavy Carapace. 07944_ JI-KDO(l) destroyed. 07946_ Dropped Carbon-fiber Leg. 07946_ Acquired Prototype Hover Unit. 07946_ Identified Zio. Glidesys I. 07954_ Acquired 30 matter. 07955_ KU-IAE(l) destroyed. 07956_ Acquired Unknown Slashing Weapon. 07956_ Identified Ripper. Map ----- +----------------------------------------------------+ | | | | | | | | | | | | | | | | | | | | | | | | | | | | | | | | | | | | | ???????????????????????####??????????????????????? | | ???????????????????????# =#????###############???? | | ???????????????????????# #?#### ##??? | | ???????????????????????# =### #??? | | ???????????????????????# ### #### | | ?????????????###? ????##%## ## | | ?????????????# *#;% | | ?????????? !=zz!@ | | ?????????? [=!* /%! | | ?????????? = | | ?????????? | | ??????????? " """ """""" | | ??????????? """""""""""""" | | ??????????? """""""""""""" | | ???????????? """""""""""""" | | ???????????? """"""""""" ! | | ????????????? """""""""""""" | | ????????????? "???"""""""""" ! | | ?????????????? "?????"""""""" % | | ???????????????? "????""""" | | ?????????????????? "????"""" " | | ????????????????????? ????""" % % | | ??????????????????????? ?????""" | | ????????????????????????????????"""" % | | ????????????????????????????????"""" | | ????????????????????????????????""""" " | | ????????????????????????????????"""""""""" | | ????????????????????????????????""" | | ????????????????????????????????""" """ | | ????????????????????????????????""" """"" | | ?????????????????????????????????"" """"""" | | ?????????????????????????????????""?""""""" | +----------------------------------------------------+ Best States ------------- Heat Dissipation 34 Energy Generation 18 Energy Capacity 290 Matter Stores 300 Matter Capacity 300 Sight Range 18 Robot Scan Range 20 Terrain Scan Density 10 Additional Mass Support 9 Armor Coverage 1200 Evasion (%) 76 Targeting Accuracy 11 Core Analysis 6 Offensive Hacking 44 Defensive Hacking 10 Authchip Count 3 Item Schematics ----------------- Cesium-ion Thruster | -9/Materials | Scanalyzed Flak Cannon | -9/Materials | Scanalyzed Core Shielding | -9/Materials | Scanalyzed Hover Unit | -9/Materials | Scanalyzed Nuclear Pulse Array | -7/Factory | Hacked Hacking Suite | -7/Factory | Scanalyzed HERF Cannon | -7/Zion | Archive Imp. Reaction Control System | -7/Zion | Archive Weapon Cycler | -7/Zion | Archive Adv. Shield Generator | -7/Zion | Archive Adv. Hacking Suite | -7/Zion | Archive Hrd. Heavy Armor Plating | -7/Zion | Archive Plasma Rifle | -7/Zion | Archive Coolant Injector | -7/Zion | Archive Mak. Hover Unit | -7/Zion | Archive Mak. Salvage Targeting Computer | -7/Zion | Archive Thermic Laser | -7/Zion | Archive Hvy. Rocket Launcher | -7/Zion | Archive Spk. Medium Treads | -7/Zion | Archive Shock Absorption System | -7/Zion | Archive Imp. Cooling System | -7/Zion | Archive Magnetic Acceleration Cannon | -7/Zion | Archive Robot Schematics ------------------ P-60 Hacker | -7/Factory | Hacked K-01 Serf | -7/Zion | Archive M-14 Sweeper | -7/Zion | Archive Fabricated ------------ X-62 Marksman | x2 | -7/Factory | Preloaded, Authchip Nuclear Pulse Array | x1 | -7/Factory P-60 Hacker | x2 | -7/Factory | Authchip P-60 Hacker | x2 | -7/Factory | Authchip Nuclear Pulse Array | x1 | -7/Factory Alien Tech Used ----------------- None Achievements -------------- None Challenges ------------ None Game ------ Seed TacticalProcessingCutter Manual? 0 Play Time 02:24:26 Cumulative 364.5 hours Start 2024.05.18 @ 00:44:35 End 2024.05.18 @ 03:13:47 Sessions 1 Manual Loads 0 Difficulty Rogue Special Mode None Game No. 133 Rogue 133 Adventurer 0 Explorer 0 Win Type - Total 2 Types 0/0/2/0/0/0/0/0/0 Lore% 69 Gallery% 77 Achievement% 60 Wizard Run 0 Options --------- Layout 0 ASCII 0 Keyboard 1 Movement Arrows Keybinds 0 Fullscreen 1 Font 12/Proggy Map View 83x54 Zoom Use 0% Tactical HUD 1 Map Filters NONE Filters NONE Steam 0 RUN: ec7624d7-1117-4c0f-bcb0-2087bf65ae88